 Dungeon Crawl Stone Soup version 0.31-a0-210-gccc998df9b (webtiles) character file.

Game seed: 11512829937747372083

152 qw the Chopper (level 5, -5/32 HPs)
             Began as a Gargoyle Fighter on June 29, 2023.
             Slain by an orc warrior
             ... wielding a +0 heavy mace
              (9 damage)
             ... on level 4 of the Dungeon.
             The game lasted 00:01:26 (3019 turns).

qw the Chopper (Gargoyle Fighter)                   Turns: 3019, Time: 00:01:26

Health: -5/32      AC: 13    Str: 22    XL:     5   Next: 34%
Magic:  5/5        EV:  8    Int:  8    God:
Gold:   223        SH:  4    Dex:  9    Spells: 4/4 levels left

rFire   . . .        Y - +0 war axe (freeze)
rCold   . . .        c - +0 buckler
rNeg    + . .        i - +0 chain mail
rPois   inf          (no helmet)
rElec   +            (no cloak)
rCorr   .            (no gloves)
SInv    .            (no boots)
Will    .....        (no amulet) Stlth
                     (no ring)
HPRegen 0.25/turn    (no ring)
MPRegen 0.09/turn

%: no passive effects
@: no status effects
A: sickness immunity, AC +4, negative energy resistance 1, electricity
resistance, torment resistance 1, petrification resistance
a: no special abilities


You were on level 4 of the Dungeon.
You visited 1 branch of the dungeon, and saw 4 of its levels.

You collected 223 gold pieces.


Innate Abilities, Weirdness & Mutations

You are immune to sickness and miasma.
Your stone body is resilient. (AC +4)
You are immune to poison.
You resist negative energy. (rN+)
You are resistant to electric shocks. (rElec)
You are resistant to unholy torment.
You are immune to petrification.


   Skills:
 - Level 3.2 Fighting
 + Level 4.9 Axes
 - Level 3.2 Armour
 - Level 3.2 Shields


You had 4 spell levels left.
You didn't know any spells.
Your spell library was empty.

Inventory:

Hand Weapons
 e - a +0 whip
 Y - a +0 war axe of freezing (weapon)
Armour
 c - a +0 buckler (worn)
 i - a +0 chain mail (worn)
Scrolls
 g - a scroll of identify
 n - 2 scrolls of enchant armour
Potions
 a - 2 potions of attraction {unknown}
 b - a potion of lignification {unknown}
 d - a potion of might
 f - a potion of cancellation
 h - a potion of heal wounds {unknown}
 l - a potion of curing {unknown}
 m - a potion of berserk rage {unknown}
 o - a potion of mutation {unknown}

Dungeon Overview and Level Annotations

Branches:
Dungeon (4/15)
 Temple: D:4-7

Altars:

Annotations:
D:2 1 runed translucent door, Crazy Yiuf


Message History

You closely miss the orc wizard.
The orc wizard hits you with a +0 dagger.
You slash the orc warrior! You freeze the orc warrior.
The orc warrior is moderately wounded.
A goblin comes into view. It is wielding a +0 club.
The goblin shouts!
You hit the orc warrior. You freeze the orc warrior.
The orc warrior is heavily wounded.
The orc warrior hits you with a +0 heavy mace!
You closely miss the orc warrior.
The orc warrior is heavily wounded.
You hit the orc wizard but do no damage.
The orc wizard hits you but does no damage.
The orc warrior hits you with a +0 heavy mace.
You hit the orc warrior. You freeze the orc warrior.
The orc warrior is severely wounded.
You barely miss the orc wizard.
The orc wizard hits you but does no damage.
The orc wizard casts a spell.
The orc wizard flickers and vanishes!
Deactivating autopickup; reactivate with Ctrl-A.
You barely miss the orc warrior.
The orc warrior is severely wounded.
You closely miss something. Something hits you but does no damage.
The orc warrior hits you with a +0 heavy mace!
You hit the orc warrior but do no damage.
The orc warrior is severely wounded.
You slash something! You freeze something. You hit the orc. You freeze the orc.
Something hits you but does no damage. The orc hits you but does no damage.
The orc warrior hits you with a +0 heavy mace.
An iguana comes into view.
The orc barely misses you. Something hits you but does no damage.
The iguana hisses angrily.
You slash the orc! You freeze the orc.
You kill the orc!
You hit the orc warrior. You freeze the orc warrior.
You closely miss something. Something hits you but does no damage.
The orc warrior hits you with a +0 heavy mace!
You die...

#. ### #..# #.###
....### #...###
......#### ##....##
..........#####.....####
#.##....................
#..........####.......##
#.....{o.### #........#
#.....g@## ##........
#..[..### #########
.....# ..... .... .l. .


You could see an orc warrior, an iguana and a goblin.

Vanquished Creatures
  A jelly (D:4)
  An orc wizard (D:4)
  A gnoll (D:1)
  2 adders
  A worm (D:2)
  2 orcs (D:4)
  3 ball pythons
  9 bats
  5 endoplasms
  2 giant cockroaches
  5 goblins
  8 hobgoblins
  6 quokkas
  11 frilled lizards
  3 kobolds
  7 rats
67 creatures vanquished.

Notes
Turn   | Place    | Note
-------+----------+-------------------------------------------
     0 | D:1      | qw the Gargoyle Fighter began the quest for the Orb.
     0 | D:1      | Reached XP level 1. HP: 14/14 MP: 1/1
     0 | D:1      | 0 ||| qw: Version: 0.3-a-24-g62f9e04
     0 | D:1      | 0 ||| qw: Game counter: 6697
     0 | D:1      | 0 ||| qw: Melee chars always use a shield: true
     0 | D:1      | 0 ||| qw: God list: Okawaru
     0 | D:1      | 0 ||| qw: Allow faded altars: false
     0 | D:1      | 0 ||| qw: Do Orc after clearing Dungeon:15 true
     0 | D:1      | 0 ||| qw: Do second Lair branch before Depths: true
     0 | D:1      | 0 ||| qw: Lair rune preference: random
     0 | D:1      | 0 ||| qw: Goals: Normal, Zot:1-4, Slime:5, God:TSO, Crypt,
                  | Tomb, Abyss, Pan, Hells, Win
     0 | D:1      | 0 ||| PLANNING D:1-11
    40 | D:1      | 40 ||| Stepping ~*~*~tactically~*~*~ (hiding).
    49 | D:1      | Reached skill level 2 in Axes
   125 | D:1      | 125 ||| Stepping ~*~*~tactically~*~*~ (stealth).
   141 | D:1      | Reached XP level 2. HP: 16/19 MP: 2/2
   307 | D:1      | 307 ||| Stepping ~*~*~tactically~*~*~ (hiding).
   430 | D:1      | 430 ||| Stepping ~*~*~tactically~*~*~ (stealth).
   448 | D:1      | 448 ||| Stepping ~*~*~tactically~*~*~ (stealth).
   458 | D:1      | 458 ||| Stepping ~*~*~tactically~*~*~ (stealth).
   461 | D:1      | Reached skill level 3 in Axes
   484 | D:1      | Reached XP level 3. HP: 22/23 MP: 3/3
  1081 | D:1      | 1081 ||| DROPPING orb of mayhem.
  1082 | D:1      | 1082 ||| READING scroll labelled EDAPREA UHUDEMM.
  1083 | D:1      | 1083 ||| DRINKING 2 green potions.
  1221 | D:2      | Reached XP level 4. HP: 28/28 MP: 4/4
  1224 | D:2      | 1224 ||| Stepping ~*~*~tactically~*~*~ (stealth).
  1258 | D:2      | 1258 ||| Stepping ~*~*~tactically~*~*~ (hiding).
  1689 | D:2      | Reached skill level 4 in Axes
  1878 | D:2      | Found a runed translucent door.
  1879 | D:2      | Noticed Crazy Yiuf
  2124 | D:2      | 2124 ||| DROPPING ring of flight.
  2125 | D:2      | 2125 ||| READING scroll labelled UNISUU GASM.
  2126 | D:2      | 2126 ||| READING 2 scrolls labelled VULIECS LOFA.
  2127 | D:2      | 2127 ||| READING scroll labelled YVEUGI JODGHEJE.
  2140 | D:2      | 2140 ||| READING scroll labelled LAHODU INEAR.
  2141 | D:2      | 2141 ||| READING scroll labelled POLEYL YZERPHU.
  2142 | D:2      | 2142 ||| DROPPING scroll of amnesia.
  2721 | D:3      | 2721 ||| UPGRADING to +0 chain mail.
  2731 | D:3      | 2731 ||| DROPPING +0 scale mail.
  2732 | D:3      | 2732 ||| READING scroll labelled TOCAKI PASUSEUPT.
  2733 | D:3      | 2733 ||| READING 2 scrolls labelled MOINYNO XUNOLA.
  2734 | D:3      | 2734 ||| READING scroll labelled CAMNEH ZOFEI.
  2735 | D:3      | 2735 ||| READING scroll labelled CUWKAZ SE BOSCH.
  2736 | D:3      | 2736 ||| DROPPING scroll of vulnerability.
  2764 | D:4      | 2764 ||| Stepping ~*~*~tactically~*~*~ (stealth).
  2772 | D:4      | Reached XP level 5. HP: 24/32 MP: 5/5
  2917 | D:4      | 2917 ||| Stepping ~*~*~tactically~*~*~ (hiding).
  3002 | D:4      | 3002 ||| Stepping ~*~*~tactically~*~*~ (hiding).
  3007 | D:4      | Noticed an orc warrior
  3017 | D:4      | HP: 7/32 [orc warrior/+0 heavy mace (8)]
  3019 | D:4      | Slain by an orc warrior

Levels and vault maps discovered:
D:1:      matt_arrival_diagonals, layout_basic, minmay_lizard_king
D:2:      layout_basic, nrook_mini_vaults, uniq_crazy_yiuf_cottage
D:3:      layout_basic, minmay_misc_feat_five
D:4:      layout_cave_pods, hangedman_decor_lopped

Skill      XL: |  1  2  3  4 |
---------------+-------------+-----
Axes           | 2 3 4 |  4.9
Fighting       | |  3.2
Armour         | |  3.2
Shields        | |  3.2

Action                     |  1- 3 |  4- 6 || total
---------------------------+-------+-------++-------
  Melee: War axe           |   128 |    84 ||   212
    Use: Scroll            |     1 |     9 ||    10
         Potion            |     1 |       ||     1
 Armour: Scale mail        |    70 |    23 ||    93
         Chain mail        |       |    17 ||    17
  Dodge: Dodged            |    73 |    24 ||    97
  Block: Buckler           |    25 |     9 ||    34

Table legend:
 A = Non-vault XP
 B = Vault XP
 C = Vault XP percentage of total XP
 D = Non-vault monster count
 E = Vault monster count
 F = Vault count percentage of total count
                 A         B        C        D         E       F
            +---------+---------+-------+---------+---------+-------
      Total |     214 |       7 |   3.2 |      60 |       7 |  10.4
            +---------+---------+-------+---------+---------+-------
        D:1 |      63 |       7 |  10.0 |      29 |       7 |  19.4
        D:2 |      39 |       0 |   0.0 |      14 |       0 |   0.0
        D:3 |      18 |       0 |   0.0 |       6 |       0 |   0.0
        D:4 |      94 |       0 |   0.0 |      11 |       0 |   0.0
            +---------+---------+-------+---------+---------+-------
